Map: Whirlwind LE (Void)

Players

Musumeci

  • Race: Zerg Zerg
  • League: Diamond
  • Spawn Location: 5:00

fantasma - Winner!

  • Race: Terran Terran
  • League: Diamond
  • Spawn Location: 7:00

VOD

Have the link to the VOD?

Description

Time

  • Played on: Jan. 15, 2017, 2:18 p.m.
  • Length: 10:03
Show
View Real Time Build Order
Export as new Build Order

Musumeci Zerg 

Build Orders: Pool First, Ravager All-In 

Get SALT Encoding   

  12  0:18  Spawning Pool  
  11  0:21  Drone  
  11  0:28  Drone, Extractor  
  12  0:33  Drone  
  13  0:51  Overlord  
  13  0:56  Drone  
  14  1:08  Zergling x2, Roach Warren  
  14  1:17  Drone  
  15  1:28  Extractor  
  14  1:52  Roach x3  
  20  2:02  Overlord  
  20  2:22  Ravager x3  
  23  2:26  Roach  
  24  2:46  Ravager  
  24  2:47  Roach  
  27  2:54  Overlord  
  27  3:18  Ravager  
  28  3:20  Roach  
  28  3:23  Drone  
  31  3:48  Ravager  
  29  3:49  Roach  
  29  3:50  Roach  
  33  4:20  Ravager x2  
  33  4:22  Drone  
  33  4:35  Hatchery  
  20  5:06  Drone x3  
  23  5:08  Queen  
  25  5:39  Drone x3  
  22  5:53  Drone  
  22  5:54  Queen  
  25  6:02  Queen  
  27  6:04  Drone x2  
  27  6:05  Drone  
  30  6:19  Overlord  
  30  6:26  Roach x2  
  30  6:31  Lair  
  34  6:37  Drone  
  34  6:38  Drone x4  
  39  6:41  Extractor  
  38  6:50  Ravager x2  
  38  6:51  Roach x2  
  44  7:18  Overlord  
  44  7:19  Overlord  
  44  7:27  Hatchery  
  44  7:28  Ravager  
  44  7:31  Overlord  
  44  7:36  Glial Reconstitution, Evolution Chamber  
  43  7:37  Evolution Chamber  
  43  7:38  Ravager  
  43  7:47  Drone x6  
  49  7:51  Drone  
  50  8:00  Drone  
  50  8:01  Drone x3  
  54  8:08  Drone x2  
  54  8:09  Drone  
  57  8:28  Queen  
  57  8:29  Drone  
  57  8:30  Drone x2  
  57  8:33  Extractor  
  61  8:36  Roach x2  
  61  8:40  Drone x2  
  67  8:55  Roach x2  
  71  8:57  Ravager x2  
  64  9:18  Roach  
  64  9:19  Roach x5  
  58  9:24  Roach  
  58  9:25  Roach x7  
  33  9:57  Ravager x2  
  33  9:58  Ravager  
Show
View Real Time Build Order
Export as new Build Order

fantasma Terran - Winner!

Build Orders: Reaper Expand, MMM Bio 

Get SALT Encoding   

  12  0:00  SCV  
  13  0:13  SCV  
  14  0:18  Supply Depot  
  14  0:25  SCV  
  15  0:29  Refinery  
  15  0:41  Barracks  
  15  0:44  SCV  
  16  0:56  SCV  
  17  1:08  SCV  
  18  1:20  SCV  
  19  1:28  Reaper  
  20  1:34  Orbital Command  
  20  1:43  Supply Depot  
  20  1:59  Command Center  
  20  2:00  Marine  
  21  2:02  SCV  
  22  2:12  Factory  
  22  2:20  Bunker, Marine  
  23  2:38  Marine  
  23  2:40  SCV  
  25  2:50  Refinery  
  25  2:52  SCV  
  25  2:53  Supply Depot  
  25  2:55  Factory Tech Lab  
  25  2:56  Marine  
  26  3:14  Orbital Command, Marine  
  27  3:23  SCV  
  28  3:32  Marine  
  28  3:49  Siege Tank  
  28  3:51  Marine  
  29  4:03  SCV  
  28  4:13  Marine  
  28  4:15  SCV  
  27  4:21  Siege Tank  
  29  4:28  SCV  
  29  4:29  Supply Depot  
  29  4:31  Marine  
  28  4:40  SCV  
  27  4:52  SCV  
  27  4:56  Marine  
  27  5:04  SCV  
  28  5:09  Barracks  
  28  5:11  Barracks  
  28  5:14  Marine  
  29  5:16  SCV  
  30  5:28  SCV  
  31  5:31  SCV, Marine  
  32  5:40  SCV  
  33  5:43  SCV  
  33  5:49  Marine  
  35  5:52  SCV  
  35  5:55  SCV  
  36  6:00  Barracks Tech Lab  
  36  6:02  Barracks Tech Lab  
  36  6:03  Starport  
  36  6:04  SCV  
  36  6:07  SCV, Marine  
  39  6:12  Orbital Command  
  39  6:16  SCV  
  40  6:23  Marine x2  
  43  6:29  SCV  
  44  6:37  SCV  
  45  6:40  Bunker  
  45  6:41  SCV, Marine x2  
  47  6:48  Barracks Reactor  
  47  6:49  SCV, Supply Depot  
  47  6:53  SCV, Starport Reactor  
  49  6:58  Stimpack, Combat Shields  
  49  6:59  Marine x2  
  51  7:01  SCV  
  51  7:02  Engineering Bay  
  51  7:05  SCV  
  51  7:08  Engineering Bay  
  53  7:14  SCV  
  54  7:16  Marine  
  54  7:17  SCV, Marine  
  54  7:22  Supply Depot  
  57  7:26  SCV  
  57  7:27  Supply Depot  
  57  7:29  SCV  
  59  7:32  Medivac  
  59  7:34  Marine  
  59  7:35  Missile Turret  
  59  7:36  Missile Turret  
  62  7:43  SCV x2, Marine x2, Medivac, Supply Depot  
  68  7:47  Marine  
  68  7:48  Supply Depot  
  69  7:52  Marine  
  69  7:53  Siege Tank  
  69  7:55  SCV x2  
  75  8:01  Marine, Reaper  
  75  8:05  Marine, Medivac  
  80  8:07  Refinery  
  80  8:08  SCV x2  
  80  8:10  Refinery, Marine  
  83  8:16  Supply Depot  
  83  8:17  Supply Depot  
  83  8:19  Marine  
  84  8:20  SCV x2  
  84  8:21  Concussive Shells, Supply Depot  
  84  8:24  Marine  
  87  8:28  Marine  
  87  8:32  SCV x2  
  87  8:33  Marine  
  91  8:37  Marine  
  92  8:41  Siege Tank  
  92  8:42  Marine  
  92  8:46  Marine  
  97  8:51  Marine  
  97  8:54  Medivac  
  97  8:55  Marine  
  101  8:59  Marine  
  102  9:03  Marine  
  102  9:09  Marine  
  103  9:13  Marine  
  98  9:17  Marine  
  98  9:21  Marine  
  98  9:30  Siege Tank  
  98  9:31  Marine x2  
  101  9:32  Medivac x2  
  101  9:35  Marine  
  108  9:39  Marine  
Tags
 
Add a new tag
Caveats
  • Supply blocks, unpowered buildings, or Contaminate may cause inaccurate times.
  • Supply counts are checked every 10 seconds.